Map: Polka LE

Players

gosuyun

  • Race: Zerg Zerg
  • Spawn Location: 5:00

MrPMC

  • Race: Zerg Zerg
  • League: Platinum
  • Spawn Location: 5:00

qqq - Winner!

  • Race: Zerg Zerg
  • League: Platinum
  • Spawn Location: 11:00

Massa - Winner!

  • Race: Terran Terran
  • League: Platinum
  • Spawn Location: 11:00

VOD

Have the link to the VOD?

Description

Time

  • Played on: Jan. 7, 2021, 3:26 p.m.
  • Length: 13:24
Show
View Real Time Build Order
Export as new Build Order

gosuyun Zerg 

Build Orders: Hatch First 

Get SALT Encoding   

  12  0:00  Drone  
  13  0:12  Overlord  
  13  0:17  Drone  
  14  0:31  Drone x2  
  14  0:35  Drone  
  17  0:56  Hatchery, Extractor  
  15  0:59  Drone  
  15  1:01  Drone  
  17  1:15  Spawning Pool  
  17  1:18  Drone  
  17  1:21  Drone  
  18  1:28  Overlord  
  18  1:48  Drone  
  19  1:57  Drone  
  19  2:01  Drone  
  21  2:09  Metabolic Boost  
  21  2:11  Queen  
  21  2:12  Queen  
  21  2:14  Drone x2  
  27  2:19  Drone  
  28  2:30  Drone x2  
  30  2:37  Overlord  
  30  2:52  Zergling x4  
  30  2:53  Zergling x2  
  33  2:59  Zergling x2  
  34  3:13  Zergling x6, Baneling Nest  
  36  3:21  Zergling x2  
  36  3:26  Zergling x4  
  39  3:32  Drone  
  39  3:33  Drone x3  
  43  3:36  Zergling x2  
  43  3:37  Overlord x2  
  44  3:45  Hatchery  
  43  3:49  Overlord  
  39  4:17  Zergling x4  
  39  4:18  Zergling x6  
  40  4:29  Zergling x2  
  40  4:30  Zergling x10  
  46  4:32  Zergling x2  
  47  4:41  Zergling x4  
  49  4:54  Zergling x4  
  49  4:58  Drone  
  52  5:07  Zergling x4  
  48  5:10  Hatchery, Zergling x6  
  50  5:15  Drone x5  
  50  5:19  Lair  
  55  5:22  Hatchery  
  55  5:25  Drone  
  55  5:26  Drone  
  45  5:37  Spore Crawler  
  45  5:41  Drone x3, Queen, Spore Crawler  
  44  5:44  Queen  
  45  5:53  Spore Crawler  
  43  6:18  Zergling x10  
  40  6:26  Drone  
  40  6:27  Drone x4  
  40  6:30  Drone x3  
  48  6:36  Queen x2  
  48  6:38  Drone  
  48  6:39  Drone  
  49  6:54  Drone x2  
  51  7:03  Hydralisk Den  
  51  7:04  Drone x2  
  51  7:05  Drone  
  49  7:10  Queen  
  49  7:11  Queen  
  49  7:12  Queen  
  46  7:34  Drone x2  
  46  7:35  Drone x3, Spore Crawler  
  40  7:37  Spore Crawler  
  39  7:45  Queen  
  39  7:47  Queen x2  
  43  7:53  Spore Crawler  
  35  7:59  Spore Crawler  
  35  8:00  Drone x2, Hydralisk x2  
  39  8:17  Hydralisk x5  
  49  8:22  Hydralisk  
  49  8:26  Hydralisk  
  53  8:34  Spine Crawler  
  53  8:36  Drone x2  
  54  8:42  Drone  
  54  8:43  Spore Crawler  
  54  8:47  Drone x2  
  56  8:52  Drone x2  
  56  8:55  Drone x2  
  60  9:00  Drone  
  60  9:01  Drone  
  62  9:21  Hydralisk x4  
  70  9:24  Drone x2  
  70  9:25  Drone  
  70  9:28  Hydralisk  
  75  9:36  Hydralisk x2  
  79  9:42  Drone x4  
  79  9:44  Drone  
  84  9:46  Drone  
  84  9:52  Overlord  
  83  10:17  Hydralisk x2  
  83  10:19  Overlord x2  
  87  10:25  Hatchery  
  74  10:41  Spore Crawler  
  74  10:42  Drone, Spore Crawler  
  69  10:43  Drone x4  
  69  10:44  Hydralisk x3  
  69  10:45  Hydralisk  
  69  10:49  Hydralisk  
  83  10:50  Drone x3  
  83  10:51  Drone  
  83  10:54  Spine Crawler  
  86  10:59  Drone x3  
  89  11:14  Hydralisk  
  89  11:15  Drone x2  
  89  11:16  Drone x2  
  95  11:18  Drone x2, Extractor  
  95  11:19  Drone x2  
  98  11:37  Hydralisk  
  98  11:39  Drone x4  
  104  11:43  Extractor  
  103  12:02  Hydralisk  
  103  12:05  Overlord  
  104  12:13  Overlord  
  104  12:14  Overlord  
  90  12:46  Hydralisk x3  
  90  12:47  Hydralisk x4  
  90  12:49  Overlord x3  
  76  12:57  Hydralisk  
Show
View Real Time Build Order
Export as new Build Order

MrPMC Zerg 

Build Orders: Hatch First 

Get SALT Encoding   

  12  0:00  Drone  
  13  0:12  Overlord  
  13  0:18  Drone  
  14  0:31  Drone x2  
  16  0:52  Hatchery  
  16  0:53  Drone  
  16  0:56  Drone  
  17  1:07  Extractor  
  16  1:13  Spawning Pool  
  16  1:15  Drone  
  16  1:19  Drone  
  16  1:22  Drone  
  18  1:32  Drone  
  19  1:41  Overlord  
  19  1:54  Drone  
  19  2:00  Queen  
  22  2:02  Drone  
  22  2:04  Queen  
  22  2:05  Drone  
  26  2:12  Drone  
  27  2:18  Drone  
  27  2:22  Drone  
  29  2:25  Extractor  
  29  2:27  Drone  
  29  2:32  Drone  
  30  2:37  Drone  
  31  2:44  Overlord  
  31  2:55  Overlord  
  31  2:56  Overlord  
  31  2:58  Drone  
  32  3:08  Drone x2, Roach Warren  
  33  3:17  Drone x2  
  33  3:18  Drone x4  
  39  3:25  Lair  
  39  3:34  Drone x3  
  42  3:49  Roach x3  
  42  3:52  Roach x3  
  54  3:58  Roach x3  
  60  4:12  Overlord x3  
  60  4:15  Extractor  
  59  4:22  Overlord  
  59  4:25  Drone  
  59  4:29  Hatchery, Overlord  
  59  4:31  Drone  
  59  4:33  Drone x3  
  59  4:35  Roach x3  
  69  4:42  Roach  
  71  4:47  Drone, Queen  
  74  4:53  Extractor  
  74  4:55  Drone x3  
  74  4:57  Overlord  
  76  5:17  Roach x4  
  76  5:18  Roach x3  
  76  5:19  Ravager x4  
  76  5:20  Ravager x2  
  96  5:22  Overlord  
  93  5:42  Spore Crawler  
  93  5:49  Spore Crawler  
  91  5:53  Spire  
  91  5:54  Drone  
  91  5:55  Drone  
  91  5:56  Drone x3  
  87  6:15  Spore Crawler  
  82  6:25  Drone x5  
  82  6:26  Drone x6  
  89  6:36  Drone x2  
  91  6:40  Glial Reconstitution  
  88  6:49  Extractor  
  78  7:07  Drone x5  
  78  7:08  Drone  
  57  7:26  Drone x3  
  57  7:27  Drone x4  
  64  7:43  Mutalisk  
  64  7:44  Mutalisk x3  
  64  7:47  Mutalisk, Overlord  
  74  7:55  Drone x3  
  74  8:01  Drone  
  74  8:04  Spore Crawler  
  74  8:08  Queen x2  
  74  8:11  Spine Crawler  
  76  8:30  Mutalisk x4  
  76  8:31  Mutalisk x4  
  86  8:34  Drone  
  86  8:37  Zerg Flyer Weapons Level 1  
  71  8:44  Drone x3, Spine Crawler  
  73  9:00  Drone x5  
  75  9:19  Spore Crawler  
  75  9:21  Spore Crawler  
  73  9:27  Mutalisk  
  73  9:28  Mutalisk x4, Spore Crawler  
  83  9:52  Drone  
  83  9:53  Drone x8  
  83  9:54  Drone  
  92  10:00  Extractor  
  87  10:32  Zerg Flyer Armor Level 1  
  87  10:34  Mutalisk x3  
  87  10:35  Mutalisk x6  
  97  10:38  Drone  
  106  10:44  Overlord x2  
  106  11:25  Mutalisk x7  
  102  11:26  Mutalisk  
  112  11:46  Mutalisk x3  
  118  11:54  Mutalisk  
  118  12:27  Mutalisk x6  
  114  12:50  Corruptor x4  
Show
View Real Time Build Order
Export as new Build Order

qqq Zerg - Winner!

Build Orders: Hatch First 

Get SALT Encoding   

  12  0:01  Drone  
  13  0:15  Drone  
  13  0:21  Overlord  
  14  0:46  Hatchery  
  13  0:51  Drone  
  14  0:59  Drone  
  14  1:02  Drone, Extractor  
  15  1:04  Drone  
  16  1:21  Spawning Pool  
  16  1:23  Drone  
  16  1:27  Drone  
  17  1:39  Drone  
  18  1:45  Drone  
  19  1:59  Drone  
  20  2:06  Drone  
  20  2:08  Drone  
  22  2:11  Queen  
  22  2:14  Drone  
  27  2:20  Lair  
  27  2:22  Drone  
  26  2:25  Drone  
  27  2:35  Drone  
  28  2:39  Extractor  
  28  2:40  Drone  
  28  2:43  Overlord  
  28  3:05  Extractor, Queen  
  29  3:13  Drone, Overlord  
  29  3:14  Overlord  
  30  3:20  Drone x3  
  33  3:32  Spire  
  33  3:33  Drone  
  33  3:36  Drone, Hatchery  
  33  3:38  Drone  
  34  3:42  Drone  
  34  3:43  Drone  
  36  3:49  Drone  
  37  3:56  Drone  
  37  3:58  Overlord  
  37  4:02  Drone  
  39  4:28  Drone  
  39  4:29  Drone x2  
  42  4:32  Drone x3  
  45  4:38  Extractor  
  45  4:40  Extractor  
  45  4:43  Mutalisk  
  45  4:45  Zerg Flyer Weapons Level 1  
  45  4:46  Mutalisk x2  
  45  4:48  Drone  
  45  4:49  Drone  
  45  4:50  Overlord  
  45  4:52  Queen  
  53  4:53  Drone  
  54  5:03  Drone x2  
  54  5:04  Mutalisk  
  58  5:08  Mutalisk  
  58  5:11  Drone  
  58  5:12  Drone  
  58  5:13  Overlord  
  62  5:20  Infestation Pit  
  61  5:22  Drone x4  
  65  5:30  Mutalisk  
  65  5:31  Overlord x2  
  67  5:59  Drone x5  
  67  6:00  Drone  
  73  6:20  Drone  
  73  6:21  Mutalisk x5  
  84  6:38  Hive  
  84  6:41  Extractor  
  84  6:42  Drone x2  
  84  6:43  Drone  
  84  6:45  Extractor  
  84  6:47  Overlord  
  85  6:48  Zergling x6  
  85  6:52  Hatchery  
  87  6:55  Mutalisk x2  
  87  6:57  Drone  
  92  7:02  Hatchery  
  89  7:11  Mutalisk x2  
  89  7:12  Drone  
  86  7:23  Mutalisk x2  
  86  7:25  Drone  
  91  7:45  Mutalisk x2  
  91  7:50  Mutalisk  
  97  7:51  Overlord x2  
  97  7:52  Overlord  
  97  7:53  Drone x3  
  100  8:08  Mutalisk x2  
  100  8:09  Drone x2  
  106  8:18  Drone x3  
  106  8:19  Viper  
  110  8:20  Zergling x4  
  109  8:50  Hatchery  
  109  8:54  Greater Spire, Viper  
  111  8:56  Drone x2  
  111  8:57  Drone x4  
  111  8:59  Hatchery  
  111  9:00  Extractor  
  111  9:01  Extractor  
  112  9:13  Hatchery  
  112  9:15  Mutalisk x2  
  112  9:16  Mutalisk  
  115  9:19  Metabolic Boost  
  115  9:23  Hatchery, Drone x4  
  118  9:24  Overlord x3  
  118  9:34  Drone x2  
  120  9:43  Viper  
  120  9:44  Mutalisk  
  125  9:48  Drone x2  
  125  9:49  Zergling x2  
  125  9:50  Zergling x6  
  131  10:01  Mutalisk x2  
  135  10:13  Mutalisk x2  
  139  10:21  Zerg Flyer Armor Level 1, Baneling Nest  
  138  10:24  Overlord x2  
  138  10:25  Drone x3  
  138  10:26  Drone x6  
  144  10:43  Mutalisk x4  
  144  10:45  Zergling x2  
  144  10:46  Drone x3, Zergling x6  
  144  10:47  Zergling x2  
  160  10:58  Extractor  
  160  11:00  Extractor, Spine Crawler x2  
  160  11:02  Mutalisk x4  
  158  11:39  Spine Crawler  
  153  11:40  Mutalisk x8, Spine Crawler x2  
  153  11:45  Drone x8  
  153  11:46  Drone x6  
  181  11:51  Baneling x9  
  181  12:00  Zergling x6  
  181  12:01  Drone x2, Zergling x4  
  183  12:02  Drone x4  
  183  12:07  Spore Crawler  
  188  12:08  Spore Crawler  
  188  12:10  Spore Crawler  
  188  12:11  Spore Crawler  
  180  12:24  Viper x3  
  189  12:32  Overlord x5  
  170  12:55  Mutalisk  
  170  12:56  Mutalisk x2  
  182  13:00  Zergling x12  
  182  13:01  Zergling x6  
Show
View Real Time Build Order
Export as new Build Order

Massa Terran - Winner!

Build Orders: 2 Factory 

Get SALT Encoding   

  12  0:00  SCV  
  13  0:12  SCV  
  14  0:18  Supply Depot  
  14  0:24  SCV  
  15  0:40  SCV  
  15  0:41  Barracks  
  16  0:45  Refinery  
  16  0:52  SCV  
  17  0:58  Refinery  
  17  1:04  SCV  
  17  1:06  Supply Depot  
  18  1:16  SCV  
  19  1:28  SCV  
  20  1:33  Marine  
  20  1:37  Factory  
  21  1:45  Orbital Command  
  21  2:08  Barracks Tech Lab  
  21  2:09  Factory  
  21  2:12  SCV  
  22  2:22  Factory  
  22  2:25  SCV  
  23  2:31  Marine  
  25  2:37  SCV  
  25  3:02  Command Center  
  25  3:04  Hellion  
  25  3:05  Infernal Pre-Igniter  
  27  3:07  Hellion  
  29  3:22  Barracks Reactor  
  29  3:26  Hellion  
  31  3:34  Supply Depot  
  31  3:36  Supply Depot  
  31  3:37  Supply Depot  
  31  3:55  SCV  
  31  3:56  Hellion  
  34  4:03  Hellion  
  34  4:04  Hellion  
  34  4:06  Barracks Tech Lab  
  38  4:17  Hellion  
  31  4:25  Hellion x2  
  37  4:38  Orbital Command, Hellion  
  37  4:41  SCV  
  38  4:46  Hellion  
  40  4:59  Hellion  
  44  5:00  Hellion  
  44  5:08  Hellion  
  46  5:15  Marauder  
  46  5:17  SCV, Stimpack  
  46  5:20  Widow Mine  
  53  5:21  Widow Mine  
  53  5:36  Marauder  
  55  5:56  SCV x2  
  57  5:57  Armory  
  57  5:59  Hellion  
  57  6:00  Hellion x2  
  63  6:08  SCV x2  
  65  6:20  SCV  
  65  6:21  Hellion x2  
  70  6:35  Supply Depot  
  70  6:36  Starport, Supply Depot  
  70  6:57  Hellion  
  70  6:59  Supply Depot  
  70  7:00  Supply Depot  
  62  7:16  Hellion x2  
  62  7:19  Hellion  
  52  7:24  Supply Depot  
  52  7:27  Supply Depot  
  52  7:36  SCV x2  
  52  7:38  Hellion  
  52  7:41  Marauder, Combat Shield  
  52  7:44  Smart Servos  
  56  7:48  SCV x2  
  58  7:56  Hellion x2  
  60  7:59  Hellion  
  60  8:00  SCV x2  
  60  8:02  Marauder  
  64  8:17  Hellion x2  
  66  8:20  Widow Mine  
  62  8:33  Marauder  
  64  8:38  Widow Mine  
  64  8:39  Widow Mine, Refinery, SCV  
  64  8:40  SCV  
  70  8:41  Refinery  
  70  8:47  Engineering Bay  
  70  8:48  Starport Reactor  
  70  8:51  SCV, Command Center  
  70  8:52  SCV  
  70  8:55  Marauder  
  74  8:56  Supply Depot  
  74  8:58  Engineering Bay, Supply Depot  
  74  9:00  Concussive Shells  
  74  9:02  Drilling Claws  
  74  9:04  SCV x2  
  76  9:10  Widow Mine  
  76  9:11  Widow Mine x2  
  76  9:16  SCV, Marauder  
  85  9:20  Supply Depot  
  85  9:21  SCV  
  85  9:23  Supply Depot  
  86  9:28  SCV, Missile Turret  
  86  9:31  Missile Turret  
  87  9:32  Terran Infantry Armor Level 1, Terran Infantry Weapons Level 1  
  87  9:33  SCV  
  88  9:40  SCV  
  88  9:44  Hellion x3  
  88  9:45  Supply Depot  
  95  9:46  SCV  
  95  9:50  Barracks  
  95  9:51  Barracks, Missile Turret  
  95  9:52  SCV  
  97  10:01  Marine  
  97  10:03  SCV  
  97  10:04  SCV  
  97  10:05  Hellion, Planetary Fortress  
  97  10:06  Hellion  
  104  10:15  SCV  
  104  10:16  SCV  
  104  10:19  Marine  
  103  10:28  SCV x2  
  74  10:32  Widow Mine x2  
  74  10:33  Widow Mine  
  67  10:37  Marauder  
  67  10:40  SCV  
  67  10:41  Refinery  
  70  10:44  Refinery, Command Center  
  70  10:46  Terran Vehicle Weapons Level 1  
  70  10:47  Medivac x2  
  74  10:54  Widow Mine x3  
  74  10:56  Factory  
  80  11:15  Widow Mine, Hellion x2  
  80  11:17  Medivac x2  
  90  11:22  Marauder  
  90  11:23  Barracks Reactor x2  
  92  11:36  Widow Mine  
  92  11:37  Widow Mine  
  96  11:44  Marauder, Factory Reactor  
  98  12:05  Marauder, Marine  
  98  12:06  Marine x3  
  104  12:11  Barracks  
  104  12:14  Barracks  
  104  12:16  Barracks  
  104  12:17  Barracks  
  104  12:23  SCV x3, Marine x4  
  104  12:26  Marine  
  112  12:35  SCV x3  
  115  12:41  Marine x2  
  113  12:47  SCV x2  
  111  12:53  Marauder  
  111  12:55  Hellion x5  
  111  12:57  Marine x2  
  125  12:58  Marine  
Tags
 
Add a new tag
Caveats
  • Supply blocks, unpowered buildings, or Contaminate may cause inaccurate times.
  • Supply counts are checked every 10 seconds.